[Event "Team 45 45 League T57"]
[Site "Internet Chess Club"]
[Date "2013.06.14"]
[Round "4"]
[White "Aquaman"]
[Black "wildcat2023"]
[Result "0-1"]
[WhiteElo "1303"]
[BlackElo "1405"]
[Opening "Nimzovich-Larsen attack: modern variation"]
[ECO "A01"]
[Time "15:35:50"]
[TimeControl "2700+45"]

1. b3 e5 2. Bb2 Nc6 3. e3 Nf6 4. c4 d5 5. cxd5 Nxd5 6. Nc3 f6 7. Bc4 Be6 8. Bb5
Qd6 9. Ne4 Qd7 10. Rc1 Ndb4 11. d4 Qd5 12. Bxc6+ Nxc6 13. Qf3 Nb4 14. Rd1 Nxa2
15. dxe5 Qxb3 16. Bd4 Bb4+ 17. Nd2 O-O-O 18. exf6 Rhe8 19. Ne2 c5 20. Ba1 Rxd2
21. Rxd2 Qb1+ 22. Nc1 Qxc1+ 23. Qd1 Bxd2+ 24. Ke2 Qc4+ 25. Kf3 Bd5+ 26. Kg3 Nc3
27. Bxc3 Bxc3 28. Qh5 Rd8 29. Rd1 gxf6 30. h3 b5 31. Qxh7 Be5+ 32. f4 Qe2 33.
Rxd5 Qxe3+ 34. Kh4 Qxf4+ 35. Kh5 Qg5# {White checkmated} 0-1

[Event "Team 45 45 League T57"]
[Site "Internet Chess Club"]
[Date "2013.06.14"]
[Round "4"]
[White "Bible-Believer"]
[Black "drsigmund1"]
[Result "1-0"]
[WhiteElo "1727"]
[BlackElo "1536"]
[Opening "French: advance variation"]
[ECO "C02"]
[Time "21:00:07"]
[TimeControl "2700+45"]

1. e4 e6 2. d4 d5 3. e5 c5 4. c3 Nc6 5. Be3 Nge7 6. Bd3 Qb6 7. Qd2 c4 8. Be2 Nf5
9. Nf3 Nxe3 10. fxe3 h6 11. O-O Be7 12. Qc2 Bd7 13. Nbd2 O-O-O 14. b3 f6 15.
exf6 gxf6 16. bxc4 dxc4 17. Rfb1 Qc7 18. Bxc4 e5 19. a4 f5 20. d5 Na5 21. Bb5 e4
22. Bxd7+ Rxd7 23. Nd4 Rxd5 24. Nb5 Qc5 25. Kf2 Rd3 26. Nb3 Qxe3+ 27. Kf1 Nc4
28. Re1 Qf4+ 29. Kg1 a6 30. N5d4 Rg8 31. Rf1 Qg4 32. Nxf5 Rd2 33. Qxd2 Nxd2 34.
Nxe7+ Kd7 35. Nxg8 Nxf1 {Black resigns} 1-0

[Event "Team 45 45 League T57"]
[Site "Internet Chess Club"]
[Date "2013.06.17"]
[Round "4"]
[White "nosir"]
[Black "palm47"]
[Result "0-1"]
[WhiteElo "1452"]
[BlackElo "1599"]
[Opening "Robatsch (modern) defense"]
[ECO "B06"]
[Time "21:02:06"]
[TimeControl "2700+45"]

1. e4 g6 2. Nf3 Bg7 3. g3 d6 4. Bg2 Nf6 5. d3 O-O 6. O-O c5 7. c3 Nc6 8. Nbd2 e5
9. Re1 Be6 10. Nf1 d5 11. Bg5 dxe4 12. Bxf6 Qxf6 13. dxe4 Qe7 14. Ne3 f5 15. Nd5
Qd8 16. Qd2 fxe4 17. Rxe4 Bxd5 18. Re3 Bh6 19. Rd1 Bxe3 20. Qxe3 e4 21. Ng5 h6
22. Ne6 Bxe6 23. Rxd8 Raxd8 24. Qxh6 Rd1+ 25. Bf1 Ne5 26. Kg2 Rb1 27. Qg5 Rxb2
28. Bc4 Rfxf2+ 29. Kg1 Nf3+ 30. Kh1 Rxh2# {White checkmated} 0-1

[Event "Team 45 45 League T57"]
[Site "Internet Chess Club"]
[Date "2013.06.17"]
[Round "4"]
[White "kingsrook"]
[Black "monkhammer"]
[Result "0-1"]
[WhiteElo "1281"]
[BlackElo "1546"]
[Opening "QGD: 6.Nf3"]
[ECO "D55"]
[Time "21:02:56"]
[TimeControl "2700+45"]

1. d4 d5 2. c4 e6 3. Nf3 Nf6 4. Bg5 Be7 5. Nc3 O-O 6. e3 c6 7. Bd3 dxc4 8. Bxc4
Nd5 9. Bxe7 Qxe7 10. O-O Nd7 11. Bb3 Nxc3 12. bxc3 c5 13. Rc1 b6 14. Re1 Bb7 15.
e4 Nf6 16. d5 Rfd8 17. c4 exd5 18. exd5 Qd6 19. a4 a6 20. Ra1 b5 21. axb5 axb5
22. Rxa8 Bxa8 23. Qd3 bxc4 24. Bxc4 Bxd5 25. Rd1 Qe6 26. Re1 Qc6 27. Ne5 Qc7 28.
Bxd5 Rxd5 29. Qc3 h6 30. h3 Rd8 31. Nf3 c4 32. Rc1 Ne4 33. Qe5 Nd6 34. Qc3 Nb5
35. Qxc4 Rd1+ 36. Rxd1 Qxc4 37. Rd8+ Kh7 38. g3 f6 39. Nd2 Qe6 40. Nf3 Qxh3 41.
Rd5 Nc3 42. Rd2 Ne4 43. Re2 Nxg3 44. fxg3 Qxg3+ 45. Rg2 Qxf3 46. Kh2 g5 47. Rg3
Qf4 48. Kg2 f5 49. Rf3 Qe4 50. Kf2 g4 51. Re3 Qd4 52. Ke2 Qxe3+ 53. Kxe3 Kg6 54.
Kf4 h5 55. Kg3 Kg5 56. Kg2 Kf4 57. Kh2 Kf3 58. Kg1 Kg3 59. Kh1 Kf2 60. Kh2 f4
61. Kh1 f3 62. Kh2 Ke2 63. Kg3 f2 64. Kh4 f1=Q 65. Kxh5 g3 66. Kg4 g2 {White
resigns} 0-1

[Event "Team 45 45 League T57"]
[Site "Internet Chess Club"]
[Date "2013.06.15"]
[Round "4"]
[White "SeniorCitizen"]
[Black "JRussell2"]
[Result "1/2-1/2"]
[WhiteElo "1282"]
[BlackElo "1400"]
[Opening "Sicilian: Labourdonnais-Löwenthal variation"]
[ECO "B32"]
[Time "12:00:11"]
[TimeControl "2700+45"]

1. e4 c5 2. Nf3 Nc6 3. d4 cxd4 4. Nxd4 e5 5. Nb3 a6 6. Be2 Nf6 7. Bg5 Be7 8.
Bxf6 Bxf6 9. O-O O-O 10. Nc3 Nd4 11. Bd3 d6 12. Nxd4 exd4 13. Nd5 Be6 14. Bc4
Bxd5 15. Bxd5 Qb6 16. Rb1 Rab8 17. Kh1 Qc7 18. f4 Rfc8 19. Bb3 Qc6 20. e5 dxe5
21. fxe5 Bxe5 22. Rxf7 Kh8 23. Qf3 Qd6 24. Rxb7 Rxb7 25. Qxb7 Rf8 26. Qd5 Qf6
27. Qf3 Qd6 28. Qd5 Qf6 29. Qf3 {Game drawn by mutual agreement} 1/2-1/2

[Event "Team 45 45 League T57"]
[Site "Internet Chess Club"]
[Date "2013.06.16"]
[Round "4"]
[White "sohamjoshi"]
[Black "badmove"]
[Result "0-1"]
[WhiteElo "1361"]
[BlackElo "1657"]
[Opening "Queen's pawn: Torre attack"]
[ECO "A46"]
[Time "17:24:07"]
[TimeControl "2700+45"]

1. d4 Nf6 2. Nf3 e6 3. Bg5 h6 4. Bh4 d6 5. h3 Nbd7 6. e3 Be7 7. Bg3 O-O 8. Bd3
Rb8 9. c3 b5 10. O-O Bb7 11. Nbd2 c5 12. b3 Nh5 13. Bh2 f5 14. Re1 a6 15. Ng5
Qe8 16. Nxe6 Qg6 17. g3 Nxg3 18. fxg3 Qxe6 19. c4 Be4 20. Nxe4 fxe4 21. Bf1 cxd4
22. exd4 bxc4 23. Bxc4 d5 24. Bf1 Bf6 25. g4 Qb6 26. Bxb8 Bxd4+ 27. Kh1 Nxb8 28.
Rc1 Qf6 29. Bg2 Qb6 30. Rf1 Rxf1+ 31. Qxf1 Nc6 32. Qf5 Ne7 33. Qd7 Bf6 34. Qc7
Qe3 35. Qc5 Bd4 36. Qc2 Ng6 37. Rf1 Nf4 38. a4 Kh7 39. b4 Ne2 40. Re1 Ng3+ 41.
Kh2 Qxe1 42. b5 Ne2 43. h4 Qxh4+ 44. Bh3 Bg1+ 45. Kg2 Qf2+ 46. Kh1 Qh2# {White
checkmated} 0-1

[Event "Team 45 45 League T57"]
[Site "Internet Chess Club"]
[Date "2013.06.13"]
[Round "4"]
[White "Berke"]
[Black "Bizzy-Ketty"]
[Result "1-0"]
[WhiteElo "1652"]
[BlackElo "1412"]
[Opening "Scotch gambit: Dubois-Réti defense"]
[ECO "C55"]
[Time "16:30:13"]
[TimeControl "2700+45"]

1. e4 e5 2. Nf3 Nc6 3. d4 exd4 4. Bc4 Nf6 5. e5 d5 6. Bb5 Ne4 7. Nbd2 Nc5 8.
Nxd4 Bd7 9. Bxc6 bxc6 10. O-O Be7 11. f4 O-O 12. f5 f6 13. e6 Bc8 14. Qh5 Qd6
15. b4 Ne4 16. Nxe4 dxe4 17. c3 Ba6 18. Bf4 Qd5 19. Rfd1 Bd8 20. Nb3 Qb5 21. Qg4
Qe2 22. Qg3 Rc8 23. Rd7 g6 24. fxg6 h6 25. Bxh6 Re8 26. Qh3 Qb2 27. Bf4 Re7 28.
Rxe7 Bxe7 29. Qh7+ Kf8 30. Qf7# {Black checkmated} 1-0

[Event "Team 45 45 League T57"]
[Site "Internet Chess Club"]
[Date "2013.06.15"]
[Round "4"]
[White "ethan0627"]
[Black "tamky70"]
[Result "1-0"]
[WhiteElo "1401"]
[BlackElo "1452"]
[Opening "Scandinavian: Marshall variation"]
[ECO "B01"]
[Time "14:01:46"]
[TimeControl "2700+45"]

1. e4 d5 2. exd5 Nf6 3. d4 Nxd5 4. Nf3 c6 5. Nc3 Bg4 6. h3 Bxf3 7. Qxf3 e6 8.
Bc4 Qf6 9. Qe4 Bb4 10. Bd2 O-O 11. O-O Nb6 12. Bb3 a5 13. a3 Be7 14. Qf4 Qxf4
15. Bxf4 N8d7 16. Rad1 Nd5 17. Nxd5 cxd5 18. c4 Nb6 19. cxd5 Nxd5 20. Bxd5 exd5
21. Rfe1 Bf6 22. Be5 Bxe5 23. Rxe5 Rad8 24. Rc1 Rd7 25. Rc5 b6 26. Rcxd5 Rxd5
27. Rxd5 Rb8 28. Rd7 Kf8 29. d5 Ke8 30. Rd6 Rb7 31. Rc6 Ke7 32. b4 axb4 33. axb4
Kd7 34. b5 h6 35. Kf1 Rb8 36. Ke2 Re8+ 37. Kd3 Rb8 38. Kd4 Rb7 39. d6 Ke6 40. f4
f5 41. g4 g6 42. Kc4 g5 43. gxf5+ Kxf5 44. fxg5 hxg5 45. Rc7 Rb8 46. d7 Rd8 47.
Kd5 Kf6 48. Kd6 Rh8 49. Rc8 Rxh3 50. d8=Q+ Kg6 51. Qg8+ {Black resigns} 1-0

[Event "Team 45 45 League T57"]
[Site "Internet Chess Club"]
[Date "2013.06.15"]
[Round "4"]
[White "QuimCatala"]
[Black "MateMaster"]
[Result "1/2-1/2"]
[WhiteElo "1376"]
[BlackElo "1398"]
[Opening "Sicilian: Labourdonnais-Löwenthal variation"]
[ECO "B32"]
[Time "10:30:15"]
[TimeControl "2700+45"]

1. e4 c5 2. Nf3 Nc6 3. d4 cxd4 4. Nxd4 e5 5. Nb3 Nf6 6. Nc3 Bb4 7. Bd3 d5 8. Bd2
dxe4 9. Nxe4 Bxd2+ 10. Nbxd2 Nxe4 11. Bxe4 O-O 12. O-O f5 13. Bxc6 bxc6 14. Nf3
Qc7 15. c3 Be6 16. Re1 Rad8 17. Qe2 e4 18. Ng5 Qe7 19. h4 h6 20. Nxe6 Qxe6 21.
f3 Rde8 22. Kf2 Qg6 23. Qc4+ Kh7 24. Re3 Qh5 25. Rh1 exf3 26. Rxf3 f4 27. Qd3+
Kh8 28. Rhh3 Qe5 29. Qd2 Rd8 30. Rd3 Qc5+ 31. Kf3 Rde8 32. Rd4 Re3+ 33. Kf2 Qh5
34. Rd8 Ree8 35. Rxe8 Rxe8 36. Qd3 Qc5+ 37. Kf1 Qe5 38. Qd2 Qe4 39. Rf3 Rf8 40.
Kf2 Kh7 41. Qd3 Qxd3 42. Rxd3 g5 43. hxg5 hxg5 44. Rd7+ Kg6 45. Rxa7 Rd8 46. b4
Kf5 47. Ra5+ Kg4 48. a4 Rd2+ 49. Kf1 f3 50. gxf3+ Kxf3 51. Rf5+ Kg4 52. Rf6 Kg3
53. Ke1 Ra2 54. a5 g4 55. c4 Rb2 56. a6 Rxb4 57. a7 Ra4 58. Rf7 c5 59. Ke2 Kg2
60. Rf2+ Kg3 61. Rf7 Ra2+ 62. Ke3 Ra3+ 63. Ke4 Kg2 64. Kd5 g3 65. Kc6 Kg1 66.
Kb7 Rb3+ 67. Kc6 Ra3 68. Kxc5 g2 69. Rg7 Kh2 70. Kb6 Rg3 71. Rh7+ Rh3 72. Rxh3+
Kxh3 73. a8=Q g1=Q+ 74. Kb5 Qb1+ 75. Kc5 Qg1+ 76. Kb4 Qb1+ 77. Kc3 Qc1+ 78. Kd4
Qd1+ 79. Kc5 Qg1+ 80. Kb5 Qb1+ 81. Kc5 Qg1+ {Game drawn by repetition} 1/2-1/2

[Event "Team 45 45 League T57"]
[Site "Internet Chess Club"]
[Date "2013.06.14"]
[Round "4"]
[White "rookmaster23"]
[Black "tryanything"]
[Result "0-1"]
[WhiteElo "1654"]
[BlackElo "1616"]
[Opening "French: exchange variation"]
[ECO "C01"]
[Time "19:46:33"]
[TimeControl "2700+45"]

1. e4 e6 2. d4 d5 3. exd5 exd5 4. Nf3 Nf6 5. Bd3 Bg4 6. O-O Be7 7. Bg5 Nbd7 8.
Nbd2 O-O 9. Re1 Re8 10. c3 c6 11. Qc2 g6 12. h3 Bxf3 13. Nxf3 Kg7 14. Qd2 Ng8
15. Bxe7 Rxe7 16. Rxe7 Nxe7 17. Qf4 Nf6 18. Re1 Qd7 19. Ne5 Qe6 20. Kf1 Nh5 21.
Qh4 Qf6 22. Qg4 Qd6 23. Re3 f5 24. Qh4 Qf6 25. Qxf6+ Kxf6 26. Nd7+ Kf7 27. Nc5
b6 28. Ne6 h6 29. g4 Nf6 30. gxf5 gxf5 31. Nf4 Rg8 32. a4 Ne4 33. c4 Nd2+ 34.
Ke2 Nxc4 35. Bxc4 dxc4 36. Rc3 Nd5 37. Rf3 Nxf4+ 38. Rxf4 Kf6 39. Kd2 b5 40.
axb5 cxb5 41. Kc3 Re8 42. Kb4 a6 43. b3 cxb3 44. Kxb3 Re4 45. Rxe4 fxe4 46. Kb4
Ke6 47. Kc5 h5 48. d5+ Kd7 49. d6 b4 50. Kxb4 Kxd6 51. Ka5 Ke5 52. Kxa6 Kf4 53.
Kb5 Kf3 54. Kc4 Kxf2 {White resigns} 0-1

[Event "Team 45 45 League T57"]
[Site "Internet Chess Club"]
[Date "2013.06.16"]
[Round "4"]
[White "okieman888"]
[Black "sdcohle"]
[Result "0-1"]
[WhiteElo "1415"]
[BlackElo "1400"]
[Opening "two knights defense: Lolli attack"]
[ECO "C57"]
[Time "22:01:39"]
[TimeControl "2700+45"]

1. e4 e5 2. Nf3 Nc6 3. Bc4 Nf6 4. Ng5 d5 5. exd5 Nxd5 6. d4 Be7 7. Nxf7 Kxf7 8.
Qf3+ Ke8 9. Qxd5 Qxd5 10. Bxd5 Nxd4 11. Be4 Bf5 12. Bxf5 Nxf5 13. O-O Kf7 14.
Re1 Nd4 15. Na3 Bxa3 16. bxa3 Nxc2 17. Rxe5 Nxa1 18. Rc5 c6 19. Bb2 Rhd8 20. Rc1
Rd2 21. Bxa1 Rad8 22. Rf1 Rxa2 23. Bc3 Rxa3 24. Bb4 Rad3 25. g3 Rd1 26. Bc5
Rxf1+ 27. Kxf1 b6 28. Be3 c5 29. Ke2 a5 30. Bd2 Rxd2+ 31. Kxd2 a4 32. Kc3 b5 33.
Kb2 Kf6 34. Ka3 g5 35. h3 h5 36. f3 Kf5 {White resigns} 0-1

[Event "Team 45 45 League T57"]
[Site "Internet Chess Club"]
[Date "2013.06.13"]
[Round "4"]
[White "smsxman"]
[Black "akshayk06"]
[Result "0-1"]
[WhiteElo "1492"]
[BlackElo "1511"]
[Opening "Four knights: Schultze-Müller gambit"]
[ECO "C47"]
[Time "13:01:08"]
[TimeControl "2700+45"]

1. e4 e5 2. Nf3 Nc6 3. Nc3 Nf6 4. Nxe5 Nxe5 5. d4 Nc6 6. e5 Ng8 7. Bc4 Na5 8.
Bd3 Bb4 9. Bd2 Ne7 10. O-O Bxc3 11. Bxc3 Nac6 12. Bc4 O-O 13. f4 d5 14. exd6
Qxd6 15. d5 Qc5+ 16. Kh1 Qxc4 17. dxc6 Nxc6 18. Qf3 Bf5 19. Qh5 Bg6 20. Qf3 Be4
21. Qg3 f6 22. Rac1 Rad8 23. b3 Qd5 24. h4 Qc5 25. Qe1 Rfe8 26. Qg3 Kh8 27. Kh2
Nd4 28. b4 Qc4 29. h5 Ne2 {White resigns} 0-1

[Event "Team 45 45 League T57"]
[Site "Internet Chess Club"]
[Date "2013.06.16"]
[Round "4"]
[White "stantheman59"]
[Black "Tribe97"]
[Result "0-1"]
[WhiteElo "1220"]
[BlackElo "1268"]
[Opening "French: advance, Nimzovich system"]
[ECO "C02"]
[Time "20:01:52"]
[TimeControl "2700+45"]

1. e4 e6 2. d4 d5 3. e5 c5 4. Nf3 Qb6 5. b3 Nc6 6. Be3 f6 7. exf6 Nxf6 8. Bd3
cxd4 9. Bg5 Ne4 10. O-O Nxg5 11. Nxg5 Be7 12. Qh5+ Kd7 13. Nf7 Rf8 14. Bxh7 Nb4
15. Re1 Bf6 16. Nd2 d3 17. Bxd3 Bxa1 18. Rxa1 Nxd3 19. cxd3 Qd4 20. Rc1 b6 21.
Nf3 Qf6 22. N3e5+ Ke8 23. Rc7 g6 24. Qxg6 Qxg6 25. Nxg6 Rxf7 26. Rc2 Ba6 27. d4
Bd3 28. Rc1 Bxg6 29. g3 Ke7 30. f4 Rff8 31. h4 Rfc8 32. Rf1 Rc2 33. Rf2 Rxf2 34.
Kxf2 Rc8 35. g4 Rc2+ 36. Kf3 Rxa2 37. h5 Bxh5 38. gxh5 Kf7 39. Kg4 Kg7 40. f5
exf5+ 41. Kxf5 Rb2 42. Ke5 Rxb3 43. Kxd5 Rh3 44. Kc6 a5 45. Kxb6 a4 {White
resigns} 0-1

[Event "Team 45 45 League T57"]
[Site "Internet Chess Club"]
[Date "2013.06.16"]
[Round "4"]
[White "Nxs123"]
[Black "fuzzface"]
[Result "1/2-1/2"]
[WhiteElo "1518"]
[BlackElo "1344"]
[Opening "Four knights: double Ruy Lopez"]
[ECO "C49"]
[Time "09:00:08"]
[TimeControl "2700+45"]

1. e4 e5 2. Nf3 Nc6 3. Nc3 Nf6 4. Bb5 Bb4 5. d3 d6 6. h3 Bd7 7. O-O h6 8. a3
Bxc3 9. bxc3 a6 10. Ba4 O-O 11. Nh2 Nh7 12. f4 Kh8 13. f5 f6 14. g4 b5 15. Bb3
Na5 16. Ba2 Bc6 17. h4 d5 18. Qf3 dxe4 19. dxe4 Qe7 20. Be6 Rad8 21. Be3 Nc4 22.
Bxc4 bxc4 23. Qf2 Rg8 24. Bc5 Qf7 25. Rfe1 g6 26. Kf1 gxf5 27. exf5 Qd5 28. Be3
Qh1+ 29. Ke2 Qe4 30. Kf1 Qh1+ 31. Qg1 Qxg1+ 32. Bxg1 Rd2 33. Re2 Rxe2 34. Kxe2
Rd8 35. Rd1 Rd6 36. Be3 Rxd1 37. Kxd1 Kg7 38. Ke2 Nf8 39. Nf3 Be4 40. Nd2 Bd5
41. Nf3 e4 42. Nd2 Nd7 43. Bd4 c5 44. Be3 Ne5 45. g5 hxg5 46. hxg5 Nf3 {Game
drawn by mutual agreement} 1/2-1/2

[Event "Team 45 45 League T57"]
[Site "Internet Chess Club"]
[Date "2013.06.18"]
[Round "4"]
[White "RockingCHESS"]
[Black "kabubi"]
[Result "0-1"]
[WhiteElo "1042"]
[BlackElo "1144"]
[Opening "Queen's pawn game, Chigorin variation"]
[ECO "D02"]
[Time "12:45:13"]
[TimeControl "2700+45"]

1. d4 d5 2. Nf3 Nc6 3. e3 f6 4. Bd3 e5 5. dxe5 fxe5 6. Be2 Nf6 7. O-O Bf5 8. c4
d4 9. b3 d3 10. Bxd3 Bxd3 11. Bb2 Bxf1 12. Qxf1 Bd6 13. Nc3 a6 14. Rd1 O-O 15.
Qe2 Qe7 16. e4 Rad8 17. Rf1 Bc5 18. Nd5 Nxd5 19. exd5 Nd4 20. Qe3 Rde8 21. Nxd4
exd4 22. Qg3 Qe2 23. Bc1 h6 24. Bxh6 Re7 25. Bg5 Ref7 26. Bh4 d3 27. a4 Bxf2+
28. Rxf2 Qe1+ 29. Rf1 Rxf1# {White checkmated} 0-1

[Event "Team 45 45 League T57"]
[Site "Internet Chess Club"]
[Date "2013.06.14"]
[Round "4"]
[White "wildangels"]
[Black "MasterD"]
[Result "0-1"]
[WhiteElo "1071"]
[BlackElo "1316"]
[Opening "French defense"]
[ECO "C00"]
[Time "10:00:40"]
[TimeControl "2700+45"]

1. e4 e6 2. Nf3 d5 3. d3 c5 4. Nbd2 Qb6 5. g3 d4 6. Bg2 Be7 7. O-O Nf6 8. Re1
O-O 9. e5 Nd5 10. Ne4 f5 11. Neg5 h6 12. Nh3 Nc6 13. Nh4 Bxh4 14. gxh4 Bd7 15.
Bxh6 gxh6 16. Qh5 Kg7 17. Bf3 Be8 18. Kh1 Bxh5 19. Bxh5 Rg8 20. Rg1+ Kf8 21. Rg6
Rxg6 22. Bxg6 Qxb2 23. Rg1 Qxc2 24. Bh5 Qxd3 25. f3 Nxe5 26. f4 Ng4 27. Bxg4
fxg4 28. Nf2 Qf3+ 29. Rg2 Ne3 30. Kg1 Qxg2# {White checkmated} 0-1

[Event "Team 45 45 League T57"]
[Site "Internet Chess Club"]
[Date "2013.06.14"]
[Round "4"]
[White "chips"]
[Black "AtomicDog"]
[Result "1/2-1/2"]
[WhiteElo "1235"]
[BlackElo "1327"]
[Opening "Sicilian: Grand Prix attack"]
[ECO "B23"]
[Time "08:01:15"]
[TimeControl "2700+45"]

1. e4 c5 2. Nc3 Nc6 3. f4 g6 4. Nf3 Bg7 5. Bc4 e6 6. O-O Nge7 7. Na4 b6 8. d3 d5
9. exd5 exd5 10. Bb5 O-O 11. Bxc6 Nxc6 12. h3 Nd4 13. Nxd4 Bxd4+ 14. Kh1 Bb7 15.
Bd2 Bg7 16. Nc3 Qc7 17. Rb1 d4 18. Ne2 Qc6 19. Rg1 Rad8 20. Ng3 f5 21. a3 Rfe8
22. Qf1 Re6 23. Re1 Rde8 24. Rxe6 Rxe6 25. Kh2 Qe8 26. Qd1 h5 27. Re1 Qc6 28.
Rg1 Bf6 29. Ne2 Re7 30. c4 dxc3 31. Bxc3 Rd7 32. Bxf6 Qxf6 33. Qb3+ Kg7 34. Rd1
Re7 35. Rd2 Re3 36. Qc3 Qxc3 37. Nxc3 Bc6 38. a4 Re7 39. b3 Rd7 40. Ne2 Kf6 41.
d4 cxd4 42. Rxd4 Ke6 {Game drawn by mutual agreement} 1/2-1/2

[Event "Team 45 45 League T57"]
[Site "Internet Chess Club"]
[Date "2013.06.16"]
[Round "4"]
[White "Fogbound"]
[Black "rhayder"]
[Result "1-0"]
[WhiteElo "1298"]
[BlackElo "1383"]
[Opening "Queen's pawn: London system"]
[ECO "A45"]
[Time "02:07:38"]
[TimeControl "2700+45"]

1. d4 Nf6 2. Bf4 d6 3. Nf3 g6 4. e3 Bg7 5. Bd3 O-O 6. Nbd2 Nbd7 7. c4 c5 8. O-O
cxd4 9. exd4 b6 10. Ne4 Ba6 11. Rc1 Rc8 12. b3 Nd5 13. cxd5 Rxc1 14. Bxc1 Bxd3
15. Qxd3 Nf6 16. Nxf6+ Bxf6 17. h3 Qa8 18. Nh2 Qxd5 19. Ng4 Bxd4 20. Nh6+ Kg7
21. Qc2 Qe6 22. Ng4 f5 23. Bh6+ Kg8 24. Bxf8 fxg4 25. Bh6 gxh3 26. Qd3 Qd5 27.
Qxh3 Bf6 28. Qc8+ Kf7 29. Qf8+ Ke6 30. Re1+ Kd7 31. Qb8 Qd2 32. Bxd2 {Black
resigns} 1-0

[Event "Team 45 45 League T57"]
[Site "Internet Chess Club"]
[Date "2013.06.17"]
[Round "4"]
[White "oldbookseller"]
[Black "rapidfire"]
[Result "0-1"]
[WhiteElo "974"]
[BlackElo "1217"]
[Opening "King's Indian: East Indian defense"]
[ECO "A48"]
[Time "13:30:17"]
[TimeControl "2700+45"]

1. d4 Nf6 2. Nf3 g6 3. e3 Bg7 4. Bd3 O-O 5. O-O d6 6. Nbd2 Bg4 7. Qe1 c5 8. c3
Nc6 9. Be2 e5 10. dxc5 dxc5 11. Nc4 e4 12. Ng5 Nd7 13. Bxg4 Nde5 14. Be2 Qxg5
15. g3 Nf3+ 16. Bxf3 exf3 17. b3 Qh5 18. e4 Qh3 19. Ne3 Ne5 20. Ba3 Ng4 21. Bxc5
Qxh2# {White checkmated} 0-1

[Event "Team 45 45 League T57"]
[Site "Internet Chess Club"]
[Date "2013.06.16"]
[Round "4"]
[White "xt"]
[Black "infiniteshug"]
[Result "0-1"]
[WhiteElo "1669"]
[BlackElo "1870"]
[Opening "Caro-Kann: Hillbilly attack"]
[ECO "B10"]
[Time "12:05:33"]
[TimeControl "2700+45"]

1. e4 c6 2. Bc4 d5 3. exd5 cxd5 4. Bb3 Nc6 5. Nf3 Bg4 6. h3 Bh5 7. d4 Nf6 8. Nc3
e6 9. Bg5 h6 10. Bh4 Bb4 11. Qd3 Rc8 12. Ba4 Qa5 13. Bxc6+ Rxc6 14. O-O Bxc3 15.
Bxf6 gxf6 16. bxc3 Rxc3 17. Qd2 Bxf3 18. gxf3 Rg8+ 19. Kh2 Qc7+ 20. f4 Rg5 21.
Qxc3 Qxc3 22. fxg5 fxg5 23. Rab1 b6 24. Rb3 Qxc2 25. Ra3 a5 26. Rb3 Qxa2 27.
Rxb6 Qc4 28. Rd1 Qc7+ {White resigns} 0-1

[Event "Team 45 45 League T57"]
[Site "Internet Chess Club"]
[Date "2013.06.16"]
[Round "4"]
[White "clarinetref"]
[Black "Warpdrive"]
[Result "1-0"]
[WhiteElo "1648"]
[BlackElo "1679"]
[Opening "Caro-Kann: exchange variation"]
[ECO "B13"]
[Time "22:05:52"]
[TimeControl "2700+45"]

1. e4 c6 2. d4 d5 3. exd5 cxd5 4. Bd3 Nf6 5. Bf4 e6 6. Nc3 a6 7. a3 b5 8. Nf3
Nc6 9. Qe2 Be7 10. O-O Qb6 11. Be3 Ng4 12. h3 Nxe3 13. Qxe3 O-O 14. Ne2 Qc7 15.
Ne5 Nxe5 16. Qxe5 Qxe5 17. dxe5 Bb7 18. Nd4 Bc5 19. c3 Rac8 20. Kh2 Bxd4 21.
cxd4 f5 22. f4 Rc7 23. Rac1 Rfc8 24. Rxc7 Rxc7 25. g4 Bc8 26. Kg3 Bd7 27. Rf2
Rc1 28. Re2 g6 29. gxf5 gxf5 30. Rg2 Kh8 31. Kh4 Rc8 32. Rg5 Rc1 33. Rg3 Rd1 34.
Kg5 Rc1 35. Kf6 Rc8 36. Ke7 Rc7 37. Be2 Bc8+ 38. Kf8 h6 39. Bh5 Bb7 40. Rg8+
{Black resigns} 1-0

[Event "Team 45 45 League T57"]
[Site "Internet Chess Club"]
[Date "2013.06.16"]
[Round "4"]
[White "nanning"]
[Black "tryanything"]
[Result "0-1"]
[WhiteElo "1604"]
[BlackElo "1640"]
[Opening "French: Rubinstein variation"]
[ECO "C10"]
[Time "05:14:46"]
[TimeControl "2700+45"]

1. e4 e6 2. d4 d5 3. Nc3 dxe4 4. Nxe4 Nf6 5. Nxf6+ Qxf6 6. Nf3 h6 7. Bc4 Bd6 8.
Be3 O-O 9. c3 b6 10. Qb3 Bb7 11. d5 exd5 12. Bxd5 Bxd5 13. Qxd5 Nd7 14. h4 Rfe8
15. O-O Ne5 16. Nxe5 Qxe5 17. Qxe5 Rxe5 18. Rad1 Re4 19. Rd4 Rae8 20. Rfd1 f5
21. Bc1 Re1+ {White resigns} 0-1

[Event "Team 45 45 League T57"]
[Site "Internet Chess Club"]
[Date "2013.06.22"]
[Round "4"]
[White "PostMike"]
[Black "mongmong"]
[Result "0-1"]
[WhiteElo "1519"]
[BlackElo "1598"]
[Opening "French: Tarrasch"]
[ECO "C03"]
[Time "14:31:09"]
[TimeControl "2700+45"]

1. e4 e6 2. d4 d5 3. Nd2 h6 4. Ngf3 Nf6 5. e5 Nfd7 6. Be2 c5 7. c4 dxc4 8. Nxc4
cxd4 9. Qxd4 Bc5 10. Nd6+ Kf8 11. Qd2 Nxe5 12. Nxc8 Nxf3+ 13. Bxf3 Qxc8 14. b4
Be7 15. Bb2 Nc6 16. a3 Qd8 17. Qc2 Bf6 18. Bxc6 bxc6 19. O-O Bxb2 20. Qxb2 Rc8
21. Rfd1 Qc7 22. Rd3 Rd8 23. Rg3 f6 24. Qe2 Rd6 25. Re3 Kf7 26. Rc1 Rhd8 27.
Qh5+ Kg8 28. Rec3 Qd7 29. Re3 Rd1+ 30. Re1 Rxe1+ 31. Rxe1 Qd5 32. Qe2 e5 33. g3
Qd3 34. Qa2+ Qd5 35. Qc2 Qd2 36. Qc4+ Qd5 37. Qa6 Rd7 38. Rc1 Rc7 39. Rc5 Qd6
40. Qa4 Kf7 41. Ra5 Qd7 42. Qb3+ Qe6 43. Qe3 Qe7 44. Ra6 Kg8 45. Qb3+ Qf7 46.
Qa4 Qd7 47. Qb3+ Kh8 48. Qe3 Kh7 49. Qe4+ g6 50. Qc2 Kg7 51. Ra5 Rb7 52. Rc5 Rb6
53. Qc3 h5 54. b5 Rxb5 55. Rxc6 Rb7 56. Rc8 Rb1+ 57. Kg2 Qd5+ 58. Kh3 Rb7 59.
Rc5 Qe6+ 60. Kg2 Rd7 61. Rc6 Qd5+ 62. Kg1 Qb5 63. Rc5 Rd1+ 64. Kg2 Qf1+ 65. Kf3
Rd3+ {White resigns} 0-1

[Event "Team 45 45 League T57"]
[Site "Internet Chess Club"]
[Date "2013.06.17"]
[Round "4"]
[White "gcl"]
[Black "zap2"]
[Result "1/2-1/2"]
[WhiteElo "1712"]
[BlackElo "1761"]
[Opening "Philidor: Improved Hanham variation"]
[ECO "B07"]
[Time "04:48:21"]
[TimeControl "2700+45"]

1. e4 d6 2. d4 Nf6 3. Nc3 Nbd7 4. Nf3 e5 5. Bc4 Be7 6. Bg5 O-O 7. h4 c6 8. Bb3
Re8 9. Qd2 Nf8 10. dxe5 dxe5 11. Nxe5 Be6 12. O-O-O Qxd2+ 13. Rxd2 Bxb3 14. axb3
Nxe4 15. Nxe4 Bxg5 16. Nxg5 Rxe5 17. Rhd1 f6 18. Nf3 Re4 19. g3 Rae8 20. Nd4 g6
21. c3 Kf7 22. b4 Ke7 23. Nb3 Kf7 24. Nc5 R4e7 25. Kc2 Ne6 26. Nb3 Nc7 27. Na5
Nd5 28. Nc4 Re6 29. Na5 R8e7 30. Nb3 Re2 31. Nc5 f5 32. Kb3 b6 33. Na6 Nf6 34.
Nb8 Rxd2 35. Rxd2 Ne4 36. Rd8 c5 37. bxc5 Nxc5+ 38. Kc2 Re2+ 39. Rd2 Rxd2+ 40.
Kxd2 Ne4+ 41. Ke3 Ke6 42. g4 Nd6 43. Kf4 fxg4 44. Kxg4 Nc4 45. b3 Ne5+ 46. Kf4
a5 47. Na6 Kd6 48. Ke4 Ng4 49. f3 Nf6+ 50. Kd4 Kc6 51. b4 a4 52. c4 Kb7 53. b5
Nd7 54. Nb4 Nc5 55. Nd5 Nb3+ 56. Kc3 Nc5 57. Nf6 a3 58. Nxh7 Nd3 59. Kb3 Ne5 60.
Nf8 Nxc4 61. Nxg6 Nd2+ 62. Kxa3 Nxf3 63. Kb4 Kc7 64. Kc4 Kd6 65. h5 Ke6 66. h6
Ng5 67. Nf8+ Kf7 68. h7 Kg7 69. Kd5 Nf7 70. Nd7 Kxh7 71. Nxb6 Kg7 72. Nd7 Nd8
73. Kd6 Kf7 74. Ne5+ Ke8 75. b6 Nb7+ 76. Kc7 Nc5 77. Nc6 Na4 78. b7 Nc5 79. b8=N
{Game drawn by mutual agreement} 1/2-1/2

[Event "Team 45 45 League T57"]
[Site "Internet Chess Club"]
[Date "2013.06.17"]
[Round "4"]
[White "Invicta-Knight"]
[Black "bayoumicardio10"]
[Result "0-1"]
[WhiteElo "1453"]
[BlackElo "1648"]
[Opening "Pirc defense"]
[ECO "B07"]
[Time "16:12:22"]
[TimeControl "2700+45"]

1. e4 d6 2. d4 Nf6 3. Bd3 e5 4. dxe5 dxe5 5. Bg5 Bc5 6. Bxf6 Qxf6 7. Qf3 Qb6 8.
b3 Nc6 9. Ne2 O-O 10. Nd2 Nb4 11. Nc4 Nxd3+ 12. cxd3 Qb4+ 13. Nd2 Be6 14. O-O
Qxd2 {White resigns} 0-1